 Dungeon Crawl Stone Soup version 0.31-a0-1626-g5cb510d322 (webtiles) character file.

Game seed: 1148041220075121943

29017 CougarLife the Blocker (level 13, -5/105 HPs)
             Began as a Gnoll Fighter on Jan 12, 2024.
             Was a High Priest of Okawaru.
             Slain by an eight-headed hydra (8 damage)
             ... on level 2 of the Lair of Beasts.
             The game lasted 00:33:33 (13694 turns).

CougarLife the Blocker (Gnoll Fighter)             Turns: 13694, Time: 00:33:34

Health: -5/105     AC: 19    Str: 18    XL:     13   Next: 42%
Magic:  23/25      EV: 17    Int:  9    God:    Okawaru [*****.]
Gold:   269        SH: 13    Dex: 13    Spells: 29/29 levels left

rFire   . . .        Z - +2 spear (venom)
rCold   . . .        c - +0 buckler
rNeg    . . .        H - +0 acid dragon scales
rPois   .            T - +0 helmet
rElec   .            e - +0 cloak
rCorr   +            b - +2 pair of gloves
SInv    .            S - +0 pair of boots {rampage}
Will    .....        f - amulet of reflection
Stlth   +++++        h - +4 ring of slaying
HPRegen 0.37/turn    L - +4 ring of slaying
MPRegen 0.19/turn

%: reflection, rampage
@: heroic
A: fangs 1, strong nose, distributed training
a: Renounce Religion, Heroism, Finesse, Duel


You were on level 2 of the Lair of Beasts.
You worshipped Okawaru.
Okawaru was extremely pleased with you.
You visited 3 branches of the dungeon, and saw 14 of its levels.
You also visited: Sewer.

You collected 713 gold pieces.
You spent 444 gold pieces at shops.

Inventory:

Hand Weapons
 a - a +0 war axe of protection
 Z - a +2 spear of venom (weapon)
Missiles
 m - 26 poisoned darts
 y - 2 javelins
 N - 12 boomerangs (quivered)
 V - 2 silver javelins
 X - a curare-tipped dart
Armour
 b - a +2 pair of gloves (worn)
 c - a +0 buckler (worn)
 e - a +0 cloak (worn)
 H - +0 acid dragon scales (worn)
 S - a +0 pair of boots of rampaging (worn)
 T - a +0 helmet (worn)
Jewellery
 f - an amulet of reflection (around neck)
 h - a +4 ring of slaying (left hand)
 j - a ring of see invisible
 k - a ring of protection from cold
 l - a ring of fire
 B - an amulet of regeneration
 L - a +4 ring of slaying (right hand)
Wands
 K - a wand of quicksilver (11)
 M - a wand of digging (4)
 P - a wand of mindburst (37)
 Y - a wand of polymorph (8)
Scrolls
 i - a scroll of blinking
 o - 3 scrolls of enchant weapon
 q - 4 scrolls of fear
 r - 2 scrolls of noise
 s - 2 scrolls of enchant armour
 v - a scroll of brand weapon
 z - 2 scrolls of amnesia {unknown}
 A - 11 scrolls of teleportation
 C - 2 scrolls of poison
 D - a scroll of summoning {unknown}
 E - a scroll of torment {unknown}
 J - 4 scrolls of immolation
Potions
 d - a potion of might
 g - 5 potions of mutation
 n - 2 potions of haste {unknown}
 p - 3 potions of degeneration
 t - a potion of berserk rage {unknown}
 u - 2 potions of ambrosia {unknown}
 w - a potion of experience {unknown}
 x - 2 potions of heal wounds
 F - a potion of attraction {unknown}
 G - 4 potions of invisibility {unknown}
 I - 3 potions of curing {unknown}
 O - 3 potions of enlightenment {unknown}
 Q - 2 potions of brilliance {unknown}
 R - a potion of cancellation {unknown}


   Skills:
 + Level 10.8(15.8) Fighting
 + Level 8.6(13.6) Short Blades
 + Level 8.6(13.6) Long Blades
 + Level 9.8(14.8) Axes
 + Level 8.6(13.6) Maces & Flails
 + Level 8.6(13.6) Polearms
 + Level 8.6(13.6) Staves
 + Level 8.6(13.6) Ranged Weapons
 + Level 8.6(13.6) Throwing
 + Level 10.8(15.8) Armour
 + Level 8.6(13.6) Dodging
 + Level 8.6(13.6) Stealth
 + Level 10.8(15.8) Shields
 + Level 8.6(13.6) Unarmed Combat
 + Level 8.6 Spellcasting
 + Level 7.1 Conjurations
 + Level 7.1 Hexes
 + Level 7.1 Summonings
 + Level 7.1 Necromancy
 + Level 7.1 Translocations
 + Level 7.1 Fire Magic
 + Level 7.1 Ice Magic
 + Level 7.1 Air Magic
 + Level 7.1 Earth Magic
 + Level 7.1 Alchemy
 + Level 9.4 Invocations
 + Level 8.6 Evocations
 + Level 7.8 Shapeshifting


You had 29 spell levels left.
You didn't know any spells.
Your spell library contained the following spells:

 Spells                   Type           Power      Damage    Failure   Level
 Jinxbite                 Hex            32%        N/A       1%          2
 Dazzling Flash           Conj/Hex       32%        N/A       3%          3
 Hailstorm                Conj/Ice       16%        3d6       3%          3
 Volatile Blastmotes      Fire/Tloc      32%        2d12      3%          3
 Ignite Poison            Fire/Alch      16%        N/A       12%         4
 Sticky Flame             Fire/Alch      16%        2d5       12%         4
 Yara's Violent Unravell  Hex/Alch       8%         3d5       34%         5
 Starburst                Conj/Fire      8%         6d4       88%         6
 Enfeeble                 Hex            8%         N/A       100%        7
 Ignition                 Fire           8%         3d5       100%        8
 Maxwell's Capacitive Co  Air            8%         ∞         100%        8
 Summon Ice Beast         Ice/Summ       Unusable   N/A       N/A         3
 Sculpt Simulacrum        Ice/Alch       Unusable   N/A       N/A         6

Dungeon Overview and Level Annotations

Branches:
Dungeon (11/15)            Temple (1/1) D:6            Lair (2/5) D:8
    Orc (0/2) D:11          Sewer (visited)
  Swamp: Lair:2-3    Shoals: Lair:2-3     Snake: Lair:2-3    Spider: Lair:2-3

Altars:
Ashenzari
Cheibriados
Dithmenos
Elyvilon
Fedhas
Gozag
Hepliaklqana
Kikubaaqudgha
Makhleb
Nemelex Xobeh
Okawaru
Qazlal
Ru
Sif Muna
Trog
Uskayaw
Vehumet
Wu Jian
Xom
Yredelemnul
Zin
The Shining One

Shops:
D:1 ==[   D:2 [:[

Annotations:
D:11 1 transporter, xnavy's ghost, journeyman TeRe
Lair:1 3 runed translucent doors, Nyony's ghost, journeyman TrSh


Innate Abilities, Weirdness & Mutations

You have very sharp teeth.
Your uncanny sense of smell can sniff out nearby items.
Your experience applies equally to all skills.


Message History

The eight-headed hydra bites you but does no damage.
The eight-headed hydra barely misses you.
The eight-headed hydra bites you but does no damage.
You gain the combat prowess of a mighty hero.
The eight-headed hydra bites you but does no damage.
The eight-headed hydra misses you.
The eight-headed hydra bites you but does no damage.
You block the eight-headed hydra's attack. x2
The eight-headed hydra completely misses you.
The eight-headed hydra bites you! The eight-headed hydra misses you.
You puncture the eight-headed hydra! You bite the eight-headed hydra.
The eight-headed hydra is severely wounded.
You puncture the eight-headed hydra!
The eight-headed hydra is severely wounded.
You block the eight-headed hydra's attack.
The eight-headed hydra bites you.
* * * LOW HITPOINT WARNING * * *
The eight-headed hydra bites you.
* * * LOW HITPOINT WARNING * * *
The eight-headed hydra misses you.
You block the eight-headed hydra's attack.
The eight-headed hydra bites you but does no damage.
The eight-headed hydra closely misses you.
The eight-headed hydra bites you!
* * * LOW HITPOINT WARNING * * *
You hit the eight-headed hydra.
The eight-headed hydra is almost dead.
You barely miss the eight-headed hydra. You bite the eight-headed hydra!
The eight-headed hydra is almost dead.
The eight-headed hydra bites you!
* * * LOW HITPOINT WARNING * * *
The eight-headed hydra bites you but does no damage.
You block the eight-headed hydra's attack.
The eight-headed hydra bites you.
* * * LOW HITPOINT WARNING * * *
The eight-headed hydra bites you.
* * * LOW HITPOINT WARNING * * *
The eight-headed hydra closely misses you. x2
The eight-headed hydra bites you!
You die...

### # ####### ####.#### #.#
.##...#############...#.#.#####..
.................................
.................................
................@#.#P....#.......
......P.##.......D........#......
.....#####.......#b.......#......
......# #.......................
.....## #.......P.(......#...#.#
.....# #........#.#.P.#.#.##..#
.....# #.............. .....#
P......... ...( .....# ..


You could see an eight-headed hydra (very poisoned).

Vanquished Creatures
  A catoblepas (Lair:1)
  4 two-headed ogres
  A soul eater (D:11)
  A sixfirhy (D:10)
  A skyshark (Lair:1)
  Maurice (D:7)
  A cyclops (D:9)
  6 elephants (Lair:1)
  2 smoke demons (D:11)
  8 cane toads
  An orange demon (D:11)
  4 komodo dragons
  2 unseen horrors
  An ice devil (D:11)
  2 red devils (D:11)
  3 trolls
  Psyche (D:11)
  A polar bear (Lair:1)
  A hellwing (D:11)
  4 blink frogs (Lair:1)
  Prince Ribbit (D:5)
  A vampire (D:11)
  7 wyverns
  A ynoxinul (D:11)
  2 shadows (D:9)
  A neqoxec (D:11)
  2 wraiths
  35 yaks
  7 vampire mosquitoes (D:11)
  A steam dragon (D:8)
  Menkaure (D:5)
  An acid dragon (D:4)
  4 water moccasins
  9 orc warriors
  An ice beast (D:6)
  A black bear (D:4)
  A wolf (Lair:2)
  4 ogres
  2 phantoms (D:6)
  11 bullfrogs
  6 kobold brigands
  4 gnoll sergeants
  3 scorpions
  7 wights
  5 killer bees (D:9)
  4 howler monkeys (D:9)
  A bombardier beetle (D:6)
  A jelly (D:6)
  5 hounds
  3 gnoll boudas
  8 orc priests
  16 orc wizards
  Ijyb (D:3)
  2 iguanas (D:4)
  2 sleepcaps
  A hell rat (Sewer)
  21 gnolls
  11 adders
  2 river rats
  2 white imps
  2 ribbon worms
  A dart slug (D:1)
  60 orcs
  3 bats
  5 endoplasms
  5 giant cockroaches
  2 goblins
  10 hobgoblins
  2 jackals (D:1)
  22 kobolds
  4 quokkas (D:1)
  8 ball pythons
  7 frilled lizards
  15 rats
390 creatures vanquished.

Notes
Turn   | Place    | Note
-------+----------+-------------------------------------------
     0 | D:1      | CougarLife the Gnoll Fighter began the quest for the Orb.
     0 | D:1      | Reached XP level 1. HP: 23/23 MP: 1/1
    68 | D:1      | Found Gazocos's Jewellery Boutique.
    82 | D:1      | Reached XP level 2. HP: 27/29 MP: 2/2
   345 | D:1      | Reached XP level 3. HP: 33/35 MP: 3/3
   570 | D:1      | Reached skill level 1 in Invocations
   599 | D:1      | Found Xeakix's Jewellery Boutique.
   719 | D:1      | Found Juji's Armour Boutique.
   915 | D:2      | Reached skill level 1 in Short Blades
   915 | D:2      | Reached skill level 1 in Long Blades
   915 | D:2      | Reached skill level 1 in Maces & Flails
   915 | D:2      | Reached skill level 1 in Polearms
   915 | D:2      | Reached skill level 1 in Staves
   915 | D:2      | Reached skill level 1 in Ranged Weapons
   915 | D:2      | Reached skill level 1 in Throwing
   915 | D:2      | Reached skill level 1 in Dodging
   915 | D:2      | Reached skill level 1 in Stealth
   915 | D:2      | Reached skill level 1 in Unarmed Combat
   915 | D:2      | Reached skill level 1 in Spellcasting
   915 | D:2      | Reached skill level 1 in Evocations
   925 | D:2      | Reached skill level 1 in Shapeshifting
   925 | D:2      | Reached XP level 4. HP: 41/41 MP: 5/5
  1048 | D:2      | Found Kurabo's Antique Armour Shoppe.
  1110 | D:2      | Found a broken altar of Ashenzari.
  1215 | D:2      | Reached skill level 1 in Conjurations
  1215 | D:2      | Reached skill level 1 in Hexes
  1215 | D:2      | Reached skill level 1 in Summonings
  1215 | D:2      | Reached skill level 1 in Necromancy
  1215 | D:2      | Reached skill level 1 in Translocations
  1215 | D:2      | Reached skill level 1 in Fire Magic
  1215 | D:2      | Reached skill level 1 in Ice Magic
  1215 | D:2      | Reached skill level 1 in Air Magic
  1215 | D:2      | Reached skill level 1 in Earth Magic
  1215 | D:2      | Reached skill level 1 in Alchemy
  1226 | D:2      | Found Qaxif's Book Boutique.
  1344 | D:2      | Found a transporter.
  1344 | D:2      | Found Lekalew's Antique Armour Shoppe.
  1449 | D:2      | Found a transporter.
  1740 | D:3      | Found a glowing drain.
  1744 | Sewer    | Entered a sewer
  1751 | Sewer    | Reached XP level 5. HP: 47/47 MP: 7/7
  1990 | D:3      | Noticed Ijyb
  2003 | D:3      | Killed Ijyb
  2122 | D:3      | Reached XP level 6. HP: 53/53 MP: 8/8
  2663 | D:4      | Reached skill level 5 in Axes
  3008 | D:4      | Reached XP level 7. HP: 39/60 MP: 10/10
  3341 | D:5      | Entered Level 5 of the Dungeon
  3506 | D:5      | Noticed Prince Ribbit
  3524 | D:5      | Killed Prince Ribbit
  3525 | D:5      | Reached XP level 8. HP: 33/67 MP: 12/12
  3641 | D:5      | Found a broken altar of Ashenzari.
  3957 | D:5      | Found a snail-covered altar of Cheibriados.
  4108 | D:5      | Noticed Menkaure
  4114 | D:5      | Killed Menkaure
  4624 | D:6      | Reached XP level 9. HP: 73/73 MP: 14/14
  4736 | D:6      | Found a staircase to the Ecumenical Temple.
  4783 | Temple   | Entered the Ecumenical Temple
  4789 | Temple   | Became a worshipper of Warmaster Okawaru
  4836 | D:6      | Found a shimmering blue altar of Sif Muna.
  4838 | D:6      | Found a white marble altar of Elyvilon.
  4870 | D:6      | Noticed an unseen horror
  4873 | D:6      | Killed an unseen horror
  5114 | D:2      | Bought an encrusted scale mail for 234 gold pieces
  5114 | D:2      | Identified the +6 scale mail "Duqukh" {rC- rN+ Int+4
                  | Stlth+} (You bought it in a shop on level 2 of the Dungeon)
  5250 | D:7      | Found a bloodstained altar of Trog.
  5257 | D:7      | Reached skill level 5 in Invocations
  5517 | D:7      | Noticed Maurice
  5547 | D:7      | Killed Maurice
  5547 | D:7      | Reached * piety under Okawaru
  6072 | D:7      | Reached skill level 5 in Short Blades
  6072 | D:7      | Reached skill level 5 in Long Blades
  6072 | D:7      | Reached skill level 5 in Maces & Flails
  6072 | D:7      | Reached skill level 5 in Polearms
  6072 | D:7      | Reached skill level 5 in Staves
  6072 | D:7      | Reached skill level 5 in Ranged Weapons
  6072 | D:7      | Reached skill level 5 in Throwing
  6072 | D:7      | Reached skill level 5 in Dodging
  6072 | D:7      | Reached skill level 5 in Stealth
  6072 | D:7      | Reached skill level 5 in Unarmed Combat
  6072 | D:7      | Reached skill level 5 in Spellcasting
  6072 | D:7      | Reached skill level 5 in Evocations
  6072 | D:7      | Reached XP level 10. HP: 81/81 MP: 17/17
  6224 | D:8      | Reached ** piety under Okawaru
  6526 | D:8      | Found a basalt altar of Yredelemnul.
  6567 | D:8      | Reached skill level 5 in Shapeshifting
  6727 | D:8      | Reached *** piety under Okawaru
  6971 | D:8      | Reached skill level 5 in Conjurations
  6971 | D:8      | Reached skill level 5 in Hexes
  6971 | D:8      | Reached skill level 5 in Summonings
  6971 | D:8      | Reached skill level 5 in Necromancy
  6971 | D:8      | Reached skill level 5 in Translocations
  6971 | D:8      | Reached skill level 5 in Fire Magic
  6971 | D:8      | Reached skill level 5 in Ice Magic
  6971 | D:8      | Reached skill level 5 in Air Magic
  6971 | D:8      | Reached skill level 5 in Earth Magic
  6971 | D:8      | Reached skill level 5 in Alchemy
  6971 | D:8      | Reached XP level 11. HP: 58/89 MP: 20/20
  7070 | D:8      | Found a staircase to the Lair.
  7504 | D:9      | Noticed a two-headed ogre
  7513 | D:9      | Killed a two-headed ogre
  7513 | D:9      | Reached **** piety under Okawaru
  7795 | D:9      | Found a radiant altar of Vehumet.
  7997 | D:2      | Bought a pair of embroidered boots for 210 gold pieces
  8368 | D:9      | Noticed a cyclops
  8380 | D:9      | Killed a cyclops
  8431 | D:9      | Noticed a two-headed ogre
  8446 | D:9      | Killed a two-headed ogre
  8446 | D:9      | Reached ***** piety under Okawaru
  9279 | D:10     | Entered Level 10 of the Dungeon
  9296 | D:9      | Received a gift from Okawaru
  9847 | D:10     | Noticed a two-headed ogre
  9860 | D:10     | Killed a two-headed ogre
  9861 | D:10     | Reached XP level 12. HP: 79/97 MP: 22/22
 10552 | D:11     | Found a transporter.
 10555 | D:11     | Noticed xnavy's ghost (journeyman TeRe)
 10555 | D:11     | Noticed an ice dragon
 10819 | D:11     | Found a staircase to the Orcish Mines.
 10853 | D:11     | Reached skill level 10 in Fighting
 10853 | D:11     | Reached skill level 10 in Armour
 10853 | D:11     | Reached skill level 10 in Shields
 11003 | D:11     | Noticed a soul eater
 11215 | D:11     | Killed a soul eater
 11284 | D:11     | Received a gift from Okawaru
 11663 | D:11     | Noticed a two-headed ogre
 11672 | D:11     | Killed a two-headed ogre
 11815 | D:11     | Noticed Psyche
 11818 | D:11     | Killed Psyche
 12074 | Lair:1   | Entered Level 1 of the Lair of Beasts
 12186 | Lair:1   | Received a gift from Okawaru
 12403 | Lair:1   | Reached XP level 13. HP: 104/104 MP: 25/25
 12441 | Lair:1   | Identified the +5 dagger "Nerhig" {pain, +Blink Int+4
                  | Dex+4}
 12640 | Lair:1   | Found a runed translucent gate.
 12640 | Lair:1   | Found a runed translucent gate.
 12640 | Lair:1   | Found a runed translucent gate.
 12649 | Lair:1   | Identified the +1 ring mail "Teitocs" {+Blink Str+3}
 12754 | Lair:1   | Noticed Nyony's ghost (journeyman TrSh)
 13365 | Lair:1   | Received a gift from Okawaru
 13694 | Lair:2   | HP: 3/105 [eight-headed hydra (4)]
 13694 | Lair:2   | Slain by an eight-headed hydra

Illustrated notes

Levels and vault maps discovered:
D:1:      minmay_arrival_loop, layout_basic, serial_shops, shop, shop,
          nicolae_shop_pleasant_corner_grove
D:2:      layout_loops_ring, basic_altar, serial_shops,
          nicolae_shop_getting_attention, nicolae_shop_drivethru, shop
D:3:      layout_loops_ring, gup_sewer_entry_spiral, minmay_quadrilaterals,
          uniq_ijyb
D:4:      layout_loops_ring, minmay_small_thing
D:5:      layout_loops_ring, old_standard_altar, mainiacjoe_overflow_chevrons,
          uniq_prince_ribbit1, uniq_menkaure
D:6:      layout_cave_pools, minitemple, temple_pool_b,
          chequers_serial_rivers_marsh
D:7:      layout_basic, mainiacjoe_overflow_surrounded_room, uniq_maurice
D:8:      layout_basic, mainiacjoe_overflow_six_doors_small, erik_lair_dragon,
          ebering_dispersal_statue_hall
D:9:      nzn_winding_woodlands_small [nzn_winding_woodlands_5x15_jagged,
          nzn_winding_woodlands_center_lodge, nzn_winding_woodlands_5x15_twine],
          layout_layer_cave, mainiacjoe_overflow_concentric_impassable
D:10:     layout_long_grid, kennysheep_potato
D:11:     layout_long_grid, kennysheep_orc_monster_closet_entryway,
          serial_demonic, serial_demonic_d, serial_demonic_e, serial_demonic_g,
          serial_demonic_d, serial_demonic_a, serial_demonic_e,
          serial_demonic_b, gammafunk_ghost_berserking_beasts, uniq_psyche
Temple:   hellmonk_temple_two_chambers
Lair:1:   layout_gridlike, gammafunk_ghost_icy, pdpol_lair_neglected_garden,
          infiniplex_staircase_pool, lemuel_fruit_tree
Lair:2:   layout_chaotic_city, dummy_spider_entry, beast_lair_carwin_10,
          grunt_megastairs_1, lemuel_fruit_fields, serial_bayou_shore_b

Skill      XL: |  1  2  3  4  5  6  7  8  9 10 11 12 13 |
---------------+----------------------------------------+-----
Invocations    | 1 2 3 4 5 6 7 8 9 |  9.4
Short Blades   | 1 2 3 5 6 7 8 |  8.6
Long Blades    | 1 2 3 5 6 7 8 |  8.6
Maces & Flails | 1 2 3 5 6 7 8 |  8.6
Polearms       | 1 2 3 5 6 7 8 |  8.6
Staves         | 1 2 3 5 6 7 8 |  8.6
Ranged Weapons | 1 2 3 5 6 7 8 |  8.6
Throwing       | 1 2 3 5 6 7 8 |  8.6
Dodging        | 1 2 3 5 6 7 8 |  8.6
Stealth        | 1 2 3 5 6 7 8 |  8.6
Unarmed Combat | 1 2 3 5 6 7 8 |  8.6
Spellcasting   | 1 2 3 5 6 7 8 |  8.6
Evocations     | 1 2 3 5 6 7 8 |  8.6
Shapeshifting  | 1 2 3 4 5 6 7 |  7.8
Conjurations   | 1 2 3 4 5 6 7 |  7.1
Hexes          | 1 2 3 4 5 6 7 |  7.1
Summonings     | 1 2 3 4 5 6 7 |  7.1
Necromancy     | 1 2 3 4 5 6 7 |  7.1
Translocations | 1 2 3 4 5 6 7 |  7.1
Fire Magic     | 1 2 3 4 5 6 7 |  7.1
Ice Magic      | 1 2 3 4 5 6 7 |  7.1
Air Magic      | 1 2 3 4 5 6 7 |  7.1
Earth Magic    | 1 2 3 4 5 6 7 |  7.1
Alchemy        | 1 2 3 4 5 6 7 |  7.1
Axes           | 5 6 7 8 9 |  9.8
Fighting       | 7 8 9 10 | 10.8
Armour         | 7 8 9 10 | 10.8
Shields        | 7 8 9 10 | 10.8

Action                     |  1- 3 |  4- 6 |  7- 9 | 10-12 | 13-15 || total
---------------------------+-------+-------+-------+-------+-------++-------
  Melee: War axe           |    77 |   127 |   223 |   512 |    82 ||  1021
         Bite              |     4 |    13 |    26 |    58 |    13 ||   114
         Spear             |       |       |       |       |    12 ||    12
  Throw: Dart              |       |       |    12 |    44 |    19 ||    75
         Boomerang         |       |       |    55 |    67 |    33 ||   155
         Throwing net      |       |       |     1 |     2 |       ||     3
         Javelin           |       |       |       |       |     2 ||     2
 Invoke: Heroism           |       |       |       |     7 |     4 ||    11
    Use: Scroll            |       |       |    10 |     2 |     1 ||    13
         Potion            |       |       |     1 |     2 |       ||     3
   Stab: Sleeping          |       |       |       |     6 |     2 ||     8
         Held in net/web   |       |       |       |     2 |       ||     2
         Distracted        |       |       |       |     2 |       ||     2
 Armour: Scale mail        |    24 |    50 |    10 |       |       ||    84
         Acid dragon scale |       |       |   100 |   303 |    95 ||   498
  Dodge: Dodged            |    29 |    37 |   106 |   253 |    71 ||   496
  Block: Buckler           |    43 |    72 |   120 |   329 |    74 ||   638
         Reflection        |     1 |     3 |     3 |     6 |       ||    13

Table legend: (Time is in decaauts)
 A = Elapsed time spent in this place.
 B = Non-inter-level travel time spent in this place.
 C = Inter-level travel time spent in this place.
 D = Time resting spent in this place.
 E = Time spent auto-exploring this place.
 F = Levels seen in this place.
 G = Mean time per level.
                   A        B        C        D        E       F      G
               +--------+--------+--------+--------+--------+-----+--------+
         Total |  13896 |  12737 |   1159 |   1760 |   7464 |  15 |  926.4 |
       Dungeon |  12136 |  11046 |   1090 |   1317 |   6925 |  11 | 1103.3 |
        Temple |     12 |      7 |      5 |      0 |      0 |   1 |   12.0 |
          Lair |   1606 |   1542 |     64 |    443 |    507 |   2 |  803.0 |
         Sewer |    140 |    140 |      0 |      0 |     32 |   1 |  140.0 |
               +--------+--------+--------+--------+--------+-----+--------+

Top non-repeatable levels by time:
     D:9: 1690 daAuts
     D:8: 1518 daAuts
    D:11: 1474 daAuts
  Lair:1: 1421 daAuts
     D:5: 1075 daAuts
    D:10: 1070 daAuts
     D:3: 974 daAuts
     D:7: 973 daAuts
     D:2: 905 daAuts
     D:1: 858 daAuts
     D:4: 846 daAuts
     D:6: 749 daAuts
  Lair:2: 184 daAuts
   Sewer: 140 daAuts
  Temple: 12 daAuts
